 Dungeon Crawl Stone Soup version 0.32-a0-392-gb00f77f (webtiles) character file.

Game seed: 1072883017924560084

6313 Dorkslayer the Cleaver (level 10, -11/84 HPs)
             Began as a Mountain Dwarf Fighter on Feb 19, 2024.
             Was a Priest of Okawaru.
             Killed from afar by a steam dragon (13 damage)
             ... with a ball of steam
             ... on level 8 of the Dungeon.
             The game lasted 00:16:53 (7027 turns).

Dorkslayer the Cleaver (Mountain Dwarf Fighter)     Turns: 7027, Time: 00:16:54

Health: -11/84     AC: 16    Str: 21    XL:     10   Next: 64%
Magic:  0/10       EV: 10    Int:  9    God:    Okawaru [***...]
Gold:   466        SH:  6    Dex: 17    Spells: 9/9 levels left

rFire   . . .        B - +4 morningstar
rCold   . . .        c - +0 buckler
rNeg    . . .        b - +0 chain mail
rPois   .            g - +2 helmet
rElec   .            (no cloak)
rCorr   .            n - +0 pair of gloves
SInv    .            m - +0 pair of boots
Will    +....        z - amulet of guardian spirit Stlth
                     y - +4 ring of slaying
HPRegen 0.34/turn    x - +6 ring of dexterity
MPRegen 0.12/turn

%: guardian spirit
@: mighty
A: runic magic, artefact enchanting
a: Renounce Religion, Heroism


You were on level 8 of the Dungeon.
You worshipped Okawaru.
Okawaru was most pleased with you.
You visited 2 branches of the dungeon, and saw 9 of its levels.

You collected 466 gold pieces.

Inventory:

Hand Weapons
 a - a +0 war axe
 B - a +4 morningstar (weapon)
Armour
 b - a +0 chain mail (worn)
 c - a +0 buckler (worn)
 g - a +2 helmet (worn)
 m - a +0 pair of boots (worn)
 n - a +0 pair of gloves (worn)
Jewellery
 q - a ring of positive energy
 x - a +6 ring of dexterity (right hand)
 y - a +4 ring of slaying (left hand)
 z - an amulet of guardian spirit (around neck)
 A - a ring of resist corrosion
Wands
 j - a wand of polymorph (2)
 u - a wand of light (3)
Scrolls
 h - 2 scrolls of enchant armour
 l - 2 scrolls of poison {unknown}
 p - a scroll of fog {unknown}
 r - a scroll of enchant weapon {unknown}
 t - 2 scrolls of teleportation
 w - a scroll of blinking {unknown}
 C - a scroll of immolation {unknown}
 D - a scroll of identify
 E - a scroll of brand weapon {unknown}
Potions
 d - 2 potions of might
 e - a potion of brilliance
 f - a potion of enlightenment
 o - a potion of resistance
 v - a potion of mutation
 F - a potion of degeneration {unknown}


   Skills:
 + Level 6.3 Fighting
 + Level 9.8(10.6) Axes
 + Level 6.4(9.0) Maces & Flails
 + Level 7.1 Armour
 * Level 5.1 Dodging
 + Level 1.4 Stealth
 + Level 5.7 Shields
 + Level 0.3 Unarmed Combat
 * Level 6.9 Evocations


You had 9 spell levels left.
You didn't know any spells.
Your spell library contained the following spells:

 Spells                   Type           Power      Damage    Failure   Level
 Apportation              Tloc           0%         N/A       58%         1
 Kiss of Death            Conj/Necr      0%         2d5       58%         1
 Necrotise                Necr           0%         1d4       58%         1
 Sting                    Conj/Alch      0%         1d3       58%         1
 Lesser Beckoning         Tloc           0%         N/A       75%         2
 Confusing Touch          Hex            0%         N/A       92%         3
 Gell's Gravitas          Tloc           0%         N/A       92%         3
 Inner Flame              Hex/Fire       0%         N/A       92%         3
 Teleport Other           Tloc           0%         N/A       92%         3
 Dispel Undead            Necr           0%         3d6       100%        4
 Flame Wave               Conj/Fire      0%         2d4       100%        4
 Sticky Flame             Fire/Alch      0%         2d4       100%        4
 Summon Small Mammal      Summ           Unusable   N/A       N/A         1

Dungeon Overview and Level Annotations

Branches:
Dungeon (8/15)             Temple (1/1) D:7
   Lair: D:8-11

Altars:
Ashenzari
Cheibriados
Dithmenos
Elyvilon
Fedhas
Gozag
Hepliaklqana
Kikubaaqudgha
Nemelex Xobeh
Okawaru
Qazlal
Ru
Sif Muna
Trog
Uskayaw
Vehumet
Wu Jian
Xom
Yredelemnul
Zin
The Shining One


Innate Abilities, Weirdness & Mutations

Your spellcasting is much less encumbered by armour.
You can use scrolls of enchantment on lesser artefacts.


Message History

The red ugly thing engulfs you!
You are engulfed in flames!!
* * * LOW HITPOINT WARNING * * *
You puncture the red ugly thing!
The red ugly thing is heavily wounded.
The red ugly thing barely misses you.
You catch the helpless red ugly thing completely off-guard!
You impale the red ugly thing!!
You kill the red ugly thing!
Okawaru accepts your kill.
You feel better.
You barely miss the centaur warrior.
You completely miss the centaur warrior.
You block the centaur warrior's attack. The centaur warrior kicks you.
* * * LOW HITPOINT WARNING * * *
The centaur warrior hits you but does no damage.
The centaur warrior kicks you but does no damage.
You puncture the centaur warrior!
The centaur warrior is moderately wounded.
The shadow imp closely misses you. The centaur warrior misses you.
The centaur warrior kicks you but does no damage.
The steam dragon breathes steam at you.
The ball of steam hits the shadow imp!!
The shadow imp dies!
The ball of steam hits you but does no damage.
The centaur warrior is engulfed in a cloud of scalding steam.
The centaur warrior hits you but does no damage.
The centaur warrior kicks you.
* * * LOW HITPOINT WARNING * * *
You puncture the centaur warrior!
The centaur warrior is heavily wounded.
The centaur warrior is engulfed in a cloud of scalding steam.
The centaur warrior hits you but does no damage.
The centaur warrior completely misses you.
The centaur warrior is engulfed in a cloud of scalding steam.
The centaur warrior hits you!
* * * LOW HITPOINT WARNING * * *
The centaur warrior kicks you but does no damage.
The steam dragon breathes steam at you. The ball of steam hits you!
You die...

#.♣♣ ♣♣.♣♣♣.♣...♣.♣
...♣♣♣.)♣ ♣.'>ß<'.♣
#♣♣...♣)♣♣♣.♣...♣)♣
#♣♣♣♣.#)....#...#.♣
#♣....########'####
#♣.♣♣♣#♣♣♣♣♣♣...♣♣♣♣♣♣
#♣♣.♣♣#♣.♣.♣.~~~§♣.♣.♣# #
♣♣.♣#......~~§......# #
♣.♣♣#♣.♣.♣.~~c@♣.♣.♣#
#######♣♣♣♣♣♣.§§♣♣♣♣♣♣
......# ##D########
......# #§.uD....# ......#
######c♣.# .....## +!.c#§♣
......# #5D§c♣ ....
..#...# ####...#....
#.#...#################...


You could see a centaur warrior and a steam dragon (catching breath).

Vanquished Creatures
  2 centaur warriors (D:8)
  A two-headed ogre (D:8)
  2 ugly things (D:8)
  3 water moccasins
  2 orc warriors (D:8)
  2 black bears
  A sky beast (D:8)
  3 ogres
  4 centaurs
  A phantom (D:6)
  4 kobold brigands
  Blork the orc (D:5)
  3 bullfrogs
  A gnoll sergeant (D:8)
  7 scorpions
  8 wights
  2 killer bees (D:8)
  2 howler monkeys
  2 bombardier beetles
  4 hounds
  A jelly (D:6)
  2 orc priests (D:6)
  2 iguanas
  2 orc wizards
  Ijyb (D:2)
  Robin (D:2)
  12 adders
  3 shadow imps
  2 white imps
  5 dart slugs
  3 ribbon worms
  7 orcs
  7 bats
  7 endoplasms
  2 giant cockroaches
  23 goblins
  14 hobgoblins
  2 jackals (D:1)
  21 kobolds
  2 quokkas
  2 ball pythons
  2 frilled lizards
  A rat (D:3)
179 creatures vanquished.

Vanquished Creatures (others)
  A shadow imp (D:8)
  An orc (D:8)
2 creatures vanquished.

Grand Total: 181 creatures vanquished

Notes
Turn   | Place    | Note
-------+----------+-------------------------------------------
     0 | D:1      | Dorkslayer the Mountain Dwarf Fighter began the quest for
                  | the Orb.
     0 | D:1      | Reached XP level 1. HP: 19/19 MP: 1/1
    50 | D:1      | Reached XP level 2. HP: 25/26 MP: 2/2
   146 | D:1      | Found a faded altar of an unknown god.
   197 | D:1      | Reached XP level 3. HP: 31/31 MP: 3/3
   305 | D:1      | Reached skill level 3 in Axes
   432 | D:2      | Noticed Robin
   441 | D:2      | Reached XP level 4. HP: 23/40 MP: 4/4
   442 | D:2      | Reached skill level 1 in Dodging
   447 | D:2      | Killed Robin
   706 | D:2      | Noticed Ijyb
   712 | D:2      | Reached skill level 4 in Axes
   753 | D:2      | Killed Ijyb
   778 | D:2      | Reached XP level 5. HP: 42/46 MP: 5/5
  1559 | D:3      | Reached skill level 1 in Evocations
  1815 | D:3      | Reached skill level 5 in Axes
  1842 | D:3      | Found an ancient bone altar of Kikubaaqudgha.
  1917 | D:3      | Reached XP level 6. HP: 52/52 MP: 6/6
  1967 | D:3      | Found a shimmering blue altar of Sif Muna.
  2119 | D:3      | Found a bloodstained altar of Trog.
  2119 | D:3      | Found an ornate altar of the Wu Jian Council.
  2783 | D:4      | Reached XP level 7. HP: 58/60 MP: 7/7
  3085 | D:5      | Entered Level 5 of the Dungeon
  3100 | D:5      | Reached skill level 6 in Axes
  3309 | D:5      | Noticed Blork the orc
  3320 | D:5      | Killed Blork the orc
  3332 | D:5      | Reached XP level 8. HP: 32/67 MP: 8/8
  3726 | D:5      | Reached skill level 5 in Fighting
  3726 | D:5      | Reached skill level 5 in Armour
  4176 | D:6      | Reached skill level 7 in Axes
  4604 | D:6      | Reached skill level 5 in Shields
  4622 | D:6      | Reached skill level 8 in Axes
  5305 | D:7      | Found a sparkling altar of Nemelex Xobeh.
  5459 | D:7      | Reached XP level 9. HP: 74/74 MP: 9/9
  5812 | D:7      | Found a staircase to the Ecumenical Temple.
  5819 | Temple   | Entered the Ecumenical Temple
  5864 | Temple   | Became a worshipper of Warmaster Okawaru
  6070 | D:7      | Reached skill level 9 in Axes
  6093 | D:7      | Reached skill level 5 in Evocations
  6226 | D:8      | Noticed a centaur warrior
  6238 | D:8      | Killed a centaur warrior
  6238 | D:8      | Reached * piety under Okawaru
  6253 | D:8      | Reached skill level 1 in Stealth
  6261 | D:8      | Noticed a green ugly thing
  6277 | D:8      | Reached XP level 10. HP: 43/83 MP: 5/10
  6283 | D:8      | Killed a green ugly thing
  6283 | D:8      | Reached ** piety under Okawaru
  6519 | D:8      | Noticed a two-headed ogre
  6531 | D:8      | Killed a two-headed ogre
  6532 | D:8      | Reached skill level 5 in Maces & Flails
  6997 | D:8      | Noticed a centaur warrior
  7011 | D:8      | Noticed a red ugly thing
  7012 | D:8      | Noticed a centaur warrior
  7015 | D:8      | Killed a centaur warrior
  7015 | D:8      | Reached *** piety under Okawaru
  7016 | D:8      | Reached skill level 5 in Dodging
  7019 | D:8      | HP: 4/83 [red ugly thing (21)]
  7021 | D:8      | Killed a red ugly thing
  7027 | D:8      | HP: 2/84 [centaur warrior (10)]
  7027 | D:8      | Killed from afar by a steam dragon

Illustrated notes

Levels and vault maps discovered:
D:1:      amcnicky_arrival_underground_garden, layout_rooms,
          dreamdust_ecumenical_altar_angels_and_demons, chequers_garden
D:2:      kennysheep_the_goblin_king, layout_rooms, minmay_quadrilaterals,
          uniq_robin
D:3:      layout_basic, gammafunk_temple_overflow_statue,
          nicolae_sif_muna_little_library, nicolae_kikubaaqudgha_miasma_corner
D:4:      layout_loops_ring
D:5:      layout_loops_ring, uniq_blork_the_orc
D:6:      layout_basic, st_stairs_13, hangedman_abyss_or_decor_stagger,
          minmay_liquid_box
D:7:      layout_loops_corners, mainiacjoe_overflow_alcove_4,
          minmay_temple_entry_wispy
D:8:      nzn_winding_woodlands_stair_cross
          [nzn_winding_woodlands_5x15_pathside_ponds,
          nzn_winding_woodlands_center_lodge, nzn_winding_woodlands_5x15_pool,
          nzn_winding_woodlands_5x5_three, nzn_winding_woodlands_5x5_perimeter,
          nzn_winding_woodlands_5x15_concentric,
          nzn_winding_woodlands_center_garden,
          nzn_winding_woodlands_5x15_jagged], layout_cave_pools,
          mainiacjoe_overflow_catwalk, chequers_serial_rivers_room_a,
          minmay_gold_behind_fungi
Temple:   eino_temple_scatter_basement

Skill      XL: |  1  2  3  4  5  6  7  8  9 10 |
---------------+-------------------------------+-----
Axes           | 3 4 5 6 8 9 |  9.8
Dodging        | 1 2 3 4 5 |  5.1
Fighting       | 4 5 6 |  6.3
Armour         | 4 5 6 7 |  7.1
Evocations     | 1 2 3 4 6 |  6.9
Shields        | 4 5 |  5.7
Maces & Flails | 3 6 |  6.4
Stealth        | 1 |  1.4
Unarmed Combat | |  0.3

Action                     |  1- 3 |  4- 6 |  7- 9 | 10-12 || total
---------------------------+-------+-------+-------+-------++-------
  Melee: War axe           |    58 |   226 |   213 |       ||   497
         Unarmed           |       |     8 |       |       ||     8
         Morningstar       |       |       |    47 |    54 ||   101
  Evoke: Wand              |       |       |    13 |     4 ||    17
    Use: Potion            |       |     1 |     2 |     4 ||     7
         Scroll            |       |     4 |     5 |       ||     9
   Stab: Invisible         |       |       |     3 |     1 ||     4
 Armour: Scale mail        |    59 |    65 |       |       ||   124
         Skin              |       |     5 |       |       ||     5
         Chain mail        |       |   117 |   235 |    59 ||   411
  Dodge: Dodged            |    45 |   111 |    95 |    28 ||   279
  Block: Buckler           |    16 |    59 |    64 |    16 ||   155

Table legend: (Time is in decaauts)
 A = Elapsed time spent in this place.
 B = Non-inter-level travel time spent in this place.
 C = Inter-level travel time spent in this place.
 D = Time resting spent in this place.
 E = Time spent auto-exploring this place.
 F = Levels seen in this place.
 G = Mean time per level.
                   A        B        C        D        E       F      G
               +--------+--------+--------+--------+--------+-----+--------+
         Total |   7159 |   7159 |      0 |      3 |   4212 |   9 |  795.4 |
       Dungeon |   7095 |   7095 |      0 |      3 |   4212 |   8 |  886.9 |
        Temple |     64 |     64 |      0 |      0 |      0 |   1 |   64.0 |
               +--------+--------+--------+--------+--------+-----+--------+

Top non-repeatable levels by time:
     D:6: 1089 daAuts
     D:5: 1073 daAuts
     D:3: 966 daAuts
     D:7: 925 daAuts
     D:4: 888 daAuts
     D:2: 863 daAuts
     D:8: 837 daAuts
     D:1: 450 daAuts
  Temple: 64 daAuts
